 Dungeon Sprint DCSS version 0.26-a0-835-g8259106e14 (webtiles) character file.

Game seed: 5083401529399973722

6 rocky1 the Firebug (level 1, 0/15 HPs)
             Began as a Deep Elf Fire Elementalist on Nov 18, 2020.
             Was a Follower of Sif Muna.
             Slain by a lemure (4 damage)
             ... led by Pikel
             ... in the Dungeon (Sprint VII: "The Pits").
             The game lasted 00:02:15 (198 turns).

rocky1 the Firebug (Deep Elf Fire Elementalist)      Turns: 198, Time: 00:02:16

Health: 0/15       AC:  9    Str:  5    XL:     1   Next: 75%
Magic:  7/7        EV: 13    Int: 19    God:    Sif Muna [*.....]
Gold:   0          SH:  0    Dex: 15    Spells: 6/7 levels left

rFire    . . .     SeeInvis .   i - +2 trident (protect)
rCold    . . .     Faith    .   (no shield)
rNeg     . . .     Spirit   .   a - +0 robe
rPois    .         Reflect  .   (no helmet)
rElec    .         Harm     .   (no cloak)
rCorr    .         Rampage  .   (no gloves)
MR       .....     NoTele   +   (no boots)
Stlth    ..........             (no amulet)
HPRegen  0.05/turn              (no ring)
MPRegen  0.10/turn              (no ring)

@: berserking (expiring), protection aura, very quick
A: no striking features
a: Channel Magic, Renounce Religion


You were in the Dungeon.
You worshipped Sif Muna.
Sif Muna was aware of your devotion.
You visited 1 branch

Inventory:

Hand Weapons
 b - a +2 quarterstaff
 i - a +2 trident of protection (weapon)
Armour
 a - a +0 robe (worn)
Scrolls
 h - a scroll of blinking
 k - 3 scrolls of remove curse
 l - 5 scrolls of amnesia
 m - a scroll of summoning
Potions
 c - a potion of curing
 d - a potion of heal wounds
 e - a potion of haste
 f - 4 potions of magic
 g - 2 potions of berserk rage
 j - 2 potions of invisibility


   Skills:
 + Level 3.1 Dodging
 + Level 3.1 Stealth
 + Level 3.6 Spellcasting
 + Level 1.8 Conjurations
 + Level 3.7 Fire Magic
 + Level 0.8 Invocations


You had 6 spell levels left.
You knew the following spells:

 Your Spells              Type           Power        Failure   Level
a - Foxfire               Conj/Fire      ##..         4%          1

Your spell library contained the following spells:

 Spells                   Type           Power        Failure   Level
 Conjure Flame            Conj/Fire      ##......     14%         3
 Inner Flame              Hex/Fire       ##......     21%         3
 Sticky Flame             Conj/Fire      ##......     41%         4
 Fireball                 Conj/Fire      ##........   77%         5


Dungeon Overview and Level Annotations

Branches:
Dungeon (1/1)

Altars:
Ashenzari
Cheibriados
Dithmenos
Elyvilon
Fedhas
Gozag
Hepliaklqana
Kikubaaqudgha
Makhleb
Nemelex Xobeh
Okawaru
Qazlal
Ru
Sif Muna
Trog
Uskayaw
Vehumet
Wu Jian
Xom
Yredelemnul
Zin
The Shining One
Beogh
Jiyva
Lugonu

Annotations:
D Pikel


Message History

Your weapon exudes an aura of protection.
The lemure is lightly wounded.
Pikel the Slaver comes into view.
He is wielding a +1 whip of freezing.
Pikel shouts!
The quokka completely misses you. The kobold hits you but does no damage.
There is an open door here.
You feel a strong urge to attack something.
The lemure hits you but does no damage.
You barely miss the lemure.
The lemure is lightly wounded.
The lemure closely misses you. The lemure hits you.
You puncture the lemure!
Your weapon exudes an aura of protection.
The lemure is heavily wounded.
The lemure hits you but does no damage. The lemure hits you.
* * * LOW HITPOINT WARNING * * *
You hit the lemure.
The lemure is heavily wounded.
The lemure hits you.
You die...

#.?(.')).'.##......#..#
##########.##..........
#..........)'..........
#+#####)#####......#..#
#.....# #..........
#.....# ####'#####+
###'### #.......#
#..(..# #......§#
#...@5# #......§#
####5## #...<...#
#..5rK5..##.......#
#...Z5...##.......#
###########.......#
#########


You could see 4 lemures, an adder zombie, a quokka and a kobold.

Vanquished Creatures
  A leopard gecko (D)
  A giant cockroach (D)
  A hobgoblin (D)
  A ball python (D)
  A kobold (D)
5 creatures vanquished.

Vanquished Creatures (others)
  11 foxfires (D)
11 creatures vanquished.

Grand Total: 16 creatures vanquished

Notes
Turn   | Place    | Note
-------+----------+-------------------------------------------
     0 | D        | rocky1 the Deep Elf Fire Elementalist began the quest for
                  | the Orb.
     0 | D        | Reached XP level 1. HP: 10/10 MP: 6/6
    23 | D        | Found a bloodstained altar of Trog.
    23 | D        | Found a shimmering blue altar of Sif Muna.
    23 | D        | Found a viscous altar of Jiyva.
    23 | D        | Found a hazy altar of Hepliaklqana.
    23 | D        | Found an opulent altar of Gozag.
    25 | D        | Found a glowing golden altar of the Shining One.
    25 | D        | Found a glowing silver altar of Zin.
    25 | D        | Found a basalt altar of Yredelemnul.
    25 | D        | Found a shimmering altar of Xom.
    25 | D        | Found an ornate altar of the Wu Jian Council.
    25 | D        | Found a sacrificial altar of Ru.
    25 | D        | Found a stormy altar of Qazlal.
    25 | D        | Found an iron altar of Okawaru.
    25 | D        | Found a sparkling altar of Nemelex Xobeh.
    25 | D        | Found a burning altar of Makhleb.
    25 | D        | Found a blossoming altar of Fedhas.
    25 | D        | Found a white marble altar of Elyvilon.
    25 | D        | Found a shadowy altar of Dithmenos.
    25 | D        | Found a snail-covered altar of Cheibriados.
    28 | D        | Found a corrupted altar of Lugonu.
    28 | D        | Found a radiant altar of Vehumet.
    28 | D        | Found a roughly hewn altar of Beogh.
    29 | D        | Found an ancient bone altar of Kikubaaqudgha.
    29 | D        | Found a hide-covered altar of Uskayaw.
    29 | D        | Found a broken altar of Ashenzari.
    30 | D        | Became a worshipper of Sif Muna the Loreminder
   139 | D        | Reached * piety under Sif Muna
   189 | D        | Noticed a lemure
   190 | D        | Noticed a lemure
   190 | D        | Noticed a lemure
   192 | D        | Noticed a lemure
   194 | D        | Noticed Pikel
   198 | D        | Slain by a lemure

Illustrated notes

Levels and vault maps discovered:
D:        pitsprint [storerooms_1, entrance_room_1, metal_vault_1, armoury_1,
          mini_pit_1, grid_room_1, main_hall_1, silver_pit, the_coven_2,
          the_vestibule_1, steel_vault_3, golden_pit, hallway_of_sentries,
          crystal_vault_5, iron_vault_1, final_vault]

Skill      XL: |  1 |
---------------+----+-----
Stealth        | 3 |  3.1
Dodging        | 3 |  3.1
Spellcasting   | |  3.6
Conjurations   | |  1.8
Fire Magic     | |  3.7
Invocations    | |  0.8

Action                   || total
-------------------------++-------
Melee: Trident           ||     8
 Cast: Foxfire           ||    10
  Use: Potion            ||     1
Armor: Robe              ||     3
Dodge: Dodged            ||     7

Table legend: (Time is in decaauts)
 A = Elapsed time spent in this place.
 B = Non-inter-level travel time spent in this place.
 C = Inter-level travel time spent in this place.
 D = Time resting spent in this place.
 E = Time spent auto-exploring this place.
 F = Levels seen in this place.
 G = Mean time per level.
                   A        B        C        D        E       F      G
               +--------+--------+--------+--------+--------+-----+--------+
         Total |    196 |    196 |      0 |     86 |      0 |   1 |  196.0 |
       Dungeon |    196 |    196 |      0 |     86 |      0 |   1 |  196.0 |
               +--------+--------+--------+--------+--------+-----+--------+

Top non-repeatable levels by time:
       D: 196 daAuts
